 Dungeon Crawl Stone Soup version 0.29.1-15-g9cfb28693d (webtiles) character file.

Game seed: 15132305674504337242

0 raph the Caller (level 1, 0/10 HPs)
             Began as a Deep Elf Summoner on Apr 26, 2023.
             Slain by a kobold
             ... wielding a +0 short sword
              (3 damage)
             ... on level 1 of the Dungeon.
             The game lasted 00:00:08 (18 turns).

raph the Caller (Deep Elf Summoner)                   Turns: 18, Time: 00:00:09

Health: 0/10       AC:  2    Str:  5    XL:     1   Next: 8%
Magic:  4/6        EV: 12    Int: 19    God:
Gold:   0          SH:  0    Dex: 15    Spells: 5/6 levels left

rFire   . . .      SeeInvis .   (no weapon)
rCold   . . .      Faith    .   (no shield)
rNeg    . . .      Spirit   .   a - +0 robe
rPois   .          Reflect  .   (no helmet)
rElec   .          Harm     .   (no cloak)
rCorr   .          Rampage  .   (no gloves)
Will    .....                   (no boots)
Stlth   ++........              (no amulet)
HPRegen 0.03/turn               (no ring)
MPRegen 0.10/turn               (no ring)

@: no status effects
A: no striking features
a: no special abilities


You were on level 1 of the Dungeon.
You visited 1 branch of the dungeon, and saw 1 of its levels.

Inventory:

Armour
 a - a +0 robe (worn)
Potions
 b - a potion of magic


   Skills:
 - Level 2.4 Dodging
 - Level 2.4 Stealth
 - Level 3.0 Spellcasting
 + Level 4.4 Summonings


You had 5 spell levels left.
You knew the following spells:

 Your Spells              Type           Power      Damage    Failure   Level
a - Summon Small Mammal   Summ           76%        N/A       2%          1

Your spell library contained the following spells:

 Spells                   Type           Power      Damage    Failure   Level
 Call Imp                 Summ           19%        N/A       3%          2
 Call Canine Familiar     Summ           19%        N/A       8%          3
 Summon Guardian Golem    Hex/Summ       11%        N/A       19%         3
 Summon Lightning Spire   Summ/Air       11%        N/A       52%         4


Dungeon Overview and Level Annotations

Branches:
Dungeon (1/15)

Altars:


Message History

The rat closely misses you.
Casting: Summon Small Mammal (safe; 2% risk of failure)
Confirm with . or Enter, or press ? or * to list all spells.
The rat bites you.
Casting: Summon Small Mammal (safe; 2% risk of failure)
Confirm with . or Enter, or press ? or * to list all spells.
The rat barely misses you.
You closely miss the rat.
Your bat hits the rat but does no damage.
The rat completely misses you.
Your rat barely misses the rat.
You hit the rat.
The rat is moderately wounded.
Your bat hits the rat but does no damage.
The rat bites you.
Your rat misses the rat. The kobold closely misses you.
You closely miss the rat.
The rat is moderately wounded.
The kobold hits you with a +0 short sword.
* * * LOW HITPOINT WARNING * * *
Your rat bites the rat.
The rat dies!
Your bat barely misses the kobold.
The kobold completely misses your bat.
Your bat hits the kobold but does no damage.
Your rat barely misses the kobold.
Your bat hits the kobold but does no damage.
Your rat bites the kobold but does no damage.
Your bat closely misses the kobold.
Casting: Summon Small Mammal (safe; 2% risk of failure)
Confirm with . or Enter, or press ? or * to list all spells.
Your bat disappears in a puff of smoke!
Your rat barely misses the kobold.
The kobold attacks as you move away! The kobold hits you but does no damage.
Found a bubbling amethyst potion.
Your bat barely misses the kobold.
The kobold misses your bat.
You swap places.
Your bat completely misses the kobold.
Your rat closely misses the kobold.
Your bat misses the kobold.
An endoplasm comes into view.
The kobold attacks as you move away!
The kobold hits you with a +0 short sword.
You die...

#....#.♣P...PP..♣
#....#.♣...P..PP♣
#......♣..PP..PP♣
#...♣♣♣♣♣♣♣♣♣
######..J......
#.......#......
#.b.r..##......
#..K...........
#..@........K..
#.........###..
#.........# ..
#....?.####
#......# #!.....#
########


You could see an endoplasm, a kobold (ally target), a friendly bat (summoned)
and a friendly rat (summoned).

Vanquished Creatures (collateral kills)
  A rat (D:1)
1 creature vanquished.

Notes
Turn   | Place    | Note
-------+----------+-------------------------------------------
     0 | D:1      | raph the Deep Elf Summoner began the quest for the Orb.
     0 | D:1      | Reached XP level 1. HP: 10/10 MP: 6/6
    18 | D:1      | Slain by a kobold

Illustrated notes

Levels and vault maps discovered:
D:1:      scummos_arrival_checkerplants, layout_basic

Action                   || total
-------------------------++-------
Melee: Unarmed           ||     3
 Cast: Summon Small Mamm ||     3
Armor: Robe              ||     1
Dodge: Dodged            ||     4
